AoeStats
← 极地沙尘暴

Arabia

507470689Analyzed
1v1 RM · 13d ago on Sep 18, 2026· 43m 44s· 2 players
Game mode
Random Map
Map size
Tiny (2 player)
Population
200
Speed
Normal
Resources
Standard
Victory
Conquest
Starting age
Dark Age
Ending age
Imperial Age
RankedLock teamsTeams togetherTeam positionsShared explorationLock speedFull tech treeHidden civsTurbo modeCheats
Victory
Defeat
🇮🇳 Vikings · India
1546
+13
🇨🇳 Slavs · China
1472
-13
极地沙尘暴
8:29 Loom
11:08 Feudal Age
11:36 Horse Collar
11:54 Double-Bit Axe
17:24 Man-at-Arms
22:46 Wheelbarrow
25:04 Castle Age
23:42 Bloodlines
23:42 Scale Barding Armor
23:47 Forging
27:21 Chain Barding Armor
27:37 Bow Saw
29:12 Hand Cart
29:08 Heavy Plow
29:54 Husbandry
35:04 Light Cavalry
40:41 Imperial Age
39:38 Iron Casting
41:44 Conscription
42:02 Plate Barding Armor
42:06 Ballistics
41:37 Heavy Scorpion
Chaos
6:43 Loom
9:32 Feudal Age
10:17 Double-Bit Axe
10:52 Horse Collar
12:47 Fletching
15:09 Town Watch
21:28 Castle Age
20:28 Gold Mining
22:07 Bodkin Arrow
22:28 Crossbowman
23:27 Bow Saw
24:06 Guard Tower
24:04 Horse Collar
26:20 Ballistics
28:24 Padded Archer Armor
35:42 Imperial Age
33:42 Scale Mail Armor
35:11 Squires
36:21 Chain Mail Armor
36:17 Forging
36:52 Conscription
37:23 Chieftains
39:06 Plate Mail Armor
39:34 Bracer
41:23 Stone Mining
41:37 Elite Berserk
42:56 Arbalester
Connection lost

Rejoining the realm…

Still unreachable

The connection could not be restored.

Session expired

The server has moved on; the page needs a fresh start.